 Dungeon Crawl Stone Soup version 0.29.1-13-g9f3cf754e1 (webtiles) character file.

Game seed: 10628245816421534786

7075 cheesebisquit the Skirmisher (level 10, -2/94 HPs)
             Began as a Minotaur Hunter on Jan 31, 2023.
             Was an Elder of Okawaru.
             Slain by an iron imp (5 damage)
             ... summoned by an obsidian statue
             ... on level 9 of the Dungeon.
             The game lasted 00:31:52 (11479 turns).

cheesebisquit the Skirmisher (Minotaur Hunter)     Turns: 11479, Time: 00:31:53

Health: -2/94      AC: -3    Str: 16      XL:     10   Next: 84%
Magic:  9/9        EV: 17    Int:  6      God:    Okawaru [****..]
Gold:   453        SH:  0    Dex: 17 (18) Spells: 9/9 levels left

rFire   . . .      SeeInvis .   a - +2 shortbow
rCold   . . .      Faith    .   (shield currently unavailable)
rNeg    + . .      Spirit   .   B - +0 steam dragon scales
rPois   +          Reflect  .   (helmet restricted)
rElec   .          Harm     .   D - scarf {repulsion}
rCorr   .          Rampage  .   (no gloves)
Will    .....                   (no boots)
Stlth   ++........              (no amulet)
HPRegen 0.25/turn               p - ring of poison resistance
MPRegen 0.11/turn               r - ring of positive energy

@: about to teleport, corroded, repel missiles
A: horns 2, retaliatory headbutt
a: Renounce Religion, Heroism, Finesse


You were on level 9 of the Dungeon.
You worshipped Okawaru.
Okawaru was greatly pleased with you.
You visited 2 branches of the dungeon, and saw 10 of its levels.
You also visited: Ossuary.

You collected 453 gold pieces.

Inventory:

Hand Weapons
 a - a +2 shortbow (weapon)
 A - a +1 sling of freezing
Missiles
 c - 7 curare-tipped darts
 e - 25 poisoned darts
 l - 2 throwing nets
 n - a silver javelin
 y - 3 atropa-tipped darts
Armour
 h - a scarf of resistance
 x - a +0 plate armour
 B - +0 steam dragon scales (worn)
 D - a scarf of repulsion (worn)
 F - a +0 troll leather armour
Jewellery
 p - a ring of poison resistance (left hand)
 r - a ring of positive energy (right hand)
Wands
 o - a wand of digging (5)
 z - a wand of mindburst (9)
Scrolls
 i - a scroll of brand weapon {unknown}
 k - a scroll of torment
 q - a scroll of poison
 s - a scroll of noise {unknown}
 u - a scroll of vulnerability {unknown}
 w - a scroll of teleportation
 C - a scroll of silence
Potions
 b - 4 potions of resistance
 d - a potion of flight
 f - 4 potions of brilliance
 g - a potion of might
 j - a potion of degeneration
 m - a potion of berserk rage
 E - a potion of cancellation
 G - a potion of magic {unknown}
 H - 2 potions of heal wounds {unknown}


   Skills:
 + Level 10.3 Fighting
 * Level 13.5 Ranged Weapons
 + Level 9.5 Dodging
 - Level 0.7 Stealth


You had 9 spell levels left.
You didn't know any spells.
Your spell library contained the following spells:

 Spells                   Type           Power      Damage    Failure   Level
 Inner Flame              Hex/Fire       0%         N/A       83%         3
 Cause Fear               Hex            0%         N/A       99%         4
 Petrify                  Tmut/Erth      0%         N/A       99%         4
 Irradiate                Conj/Tmut      0%         3d11      100%        5
 Metabolic Englaciation   Hex/Ice        0%         N/A       100%        5
 Statue Form              Tmut/Erth      0%         N/A       100%        6
 Discord                  Hex            0%         N/A       100%        8


Dungeon Overview and Level Annotations

Branches:
Dungeon (9/15)             Temple (1/1) D:5         Ossuary (visited)
   Lair: D:8-11         Orc: D:9-12

Altars:
Ashenzari
Cheibriados
Dithmenos
Elyvilon
Fedhas
Gozag
Hepliaklqana
Makhleb
Nemelex Xobeh
Okawaru
Qazlal
Ru
Sif Muna
Trog
Uskayaw
Vehumet
Wu Jian
Xom
Yredelemnul
Zin
The Shining One

Annotations:
D:3 3 runed translucent doors, OTABOTABOTAB's ghost, amateur OpCj; RuggedK9's ghost, weakling TrWn; Soil's ghost, amateur OpAE; Thatpatchoflichen's ghost, weakling OgFi; cheesebisquit's ghost, amateur GrEE
D:9 2 transporters, exclusion: obsidian statue, cowcol's ghost, journeyman MiMo


Innate Abilities, Weirdness & Mutations

You have a pair of horns on your head.
You reflexively headbutt those who attack you in melee.


Message History

The quasit claws you but does no damage.
The quasit closely misses you. The white imp gestures at you.
The puff of frost hits you! The orange demon stings you from afar.
The hellwing closely misses you. You furiously retaliate!
You headbutt the hellwing, but do no damage.
The hellwing barely misses you.
The obsidian statue's eyes glow briefly.
The obsidian statue attempts to bespell you!
You resist.
Fire: a) +2 shortbow
Press: ? - help, Q - select action, (/) - cycle Shift-Dir - straight line, f/p - hellwing
Aim: a hellwing (moderately wounded, summoned, 72% to hit)
You shoot an arrow. The arrow hits the hellwing.
The hellwing is heavily wounded.
The quasit barely misses you. x3; The white imp completely misses you.
The orange demon closely misses you. The quasit misses you. x2
The quasit closely misses you.
Fire: a) +2 shortbow
Press: ? - help, Q - select action, (/) - cycle Shift-Dir - straight line, f - rust devil, p - hellwing
Aim: a rust devil (summoned, 77% to hit)
You shoot an arrow. The arrow hits the rust devil.
The rust devil is lightly wounded.
The orange demon misses you.
Fire: a) +2 shortbow
Press: ? - help, Q - select action, (/) - cycle Shift-Dir - straight line, f/p - rust devil
Aim: a rust devil (lightly wounded, summoned, 77% to hit)
You shoot an arrow. The arrow hits the rust devil!
The rust devil is moderately wounded.
The rust devil hits you. The rust devil corrodes you!
The orange demon stings you from afar.
As you read the scroll of teleportation, it crumbles to dust.
You feel strangely unstable. The rust devil hits you!
* * * LOW HITPOINT WARNING * * *
The rust devil corrodes you! The hellwing hits you!
* * * LOW HITPOINT WARNING * * *
The hellwing hits you.
* * * LOW HITPOINT WARNING * * *
The orange demon closely misses you. The iron imp hits you.
You die...

#.....###.......#
########§§#####..###+###
§§§§§§§§☼☼§§§§☼........#
§§§§§☼§☼§§§☼☼###.......#
§§§☼§☼☼§§§§☼§§.#.......#
§§§☼§☼☼§§§§§##.#.......#
§§§§§☼§§☼☼§§##.'.......#
§§§§§§§§§§§☼####.......#
§☼§§§§5@§§§☼# #.......#
§§§§§☼445☼§§# #.......#
§§☼§§4.5☼§§§# ###+#####
§§☼§§§☼§☼§§§#
§§§.☼.☼§+#### ☼§§☼§☼§☼☼
§§8☼§§§☼# §☼☼§§☼§§#


You could see an obsidian statue, an orange demon (summoned), a hellwing
(summoned), a rust devil (summoned), an iron imp (summoned), a quasit (summoned)
and a white imp (summoned).

Vanquished Creatures
  2 two-headed ogres
  Pikel (D:8)
  Joseph (D:7)
  A troll (D:9)
  Grinder (D:5)
  A vampire (D:9)
  9 yaks
  A wyvern (D:8)
  3 steam dragons
  A water moccasin (D:7)
  2 sky beasts (D:8)
  2 ice beasts
  An ogre (D:4)
  3 centaurs
  4 kobold brigands
  2 elf zombies (Ossuary)
  2 bullfrogs
  2 scorpions (D:5)
  A necrophage (D:7)
  6 killer bees (D:9)
  A crimson imp (D:5)
  A centaur zombie (Ossuary)
  3 human zombies (Ossuary)
  A gnoll bouda (D:5)
  An orc priest (D:3)
  6 hounds
  A jelly (D:4)
  3 iguanas
  4 orc wizards
  2 mummies (Ossuary)
  12 gnolls
  9 adders
  2 ufetubi
  A worm (D:2)
  A dart slug (D:3)
  26 orcs
  12 ball pythons
  7 endoplasms
  6 giant cockroaches
  4 goblins
  6 hobgoblins
  3 jackals (D:1)
  5 quokkas
  4 bats
  3 frilled lizards
  A goblin skeleton (D:5)
  A goblin zombie (D:5)
  8 hobgoblin zombies (Ossuary)
  A jackal zombie (Ossuary)
  17 kobolds
  A kobold skeleton (D:5)
  12 kobold zombies
  2 orc skeletons (D:5)
  13 orc zombies
  4 rats
230 creatures vanquished.

Vanquished Creatures (others)
  A gnoll bouda (D:8)
1 creature vanquished.

Grand Total: 231 creatures vanquished

Notes
Turn   | Place    | Note
-------+----------+-------------------------------------------
     0 | D:1      | cheesebisquit the Minotaur Hunter began the quest for the
                  | Orb.
     0 | D:1      | Reached XP level 1. HP: 18/18 MP: 0/0
   168 | D:1      | Reached XP level 2. HP: 25/25 MP: 1/1
   376 | D:1      | Reached skill level 5 in Ranged Weapons
   559 | D:1      | Reached XP level 3. HP: 30/30 MP: 2/2
   874 | D:2      | Reached XP level 4. HP: 28/38 MP: 3/3
  1778 | D:3      | Found a runed translucent gate.
  1778 | D:3      | Found a runed translucent gate.
  1778 | D:3      | Found a runed translucent gate.
  1780 | D:3      | Noticed cheesebisquit's ghost (amateur GrEE)
  1780 | D:3      | Noticed OTABOTABOTAB's ghost (amateur OpCj)
  1781 | D:3      | Noticed RuggedK9's ghost (weakling TrWn)
  1781 | D:3      | Noticed Soil's ghost (amateur OpAE)
  1782 | D:3      | Noticed Thatpatchoflichen's ghost (weakling OgFi)
  1803 | D:3      | Noticed a centaur
  1807 | D:3      | Killed a centaur
  1808 | D:3      | Reached skill level 6 in Ranged Weapons
  1808 | D:3      | Reached XP level 5. HP: 28/46 MP: 4/4
  2661 | D:4      | Found a white marble altar of Elyvilon.
  2843 | D:4      | Reached XP level 6. HP: 45/53 MP: 5/5
  2890 | D:4      | Found a sand-covered staircase.
  2899 | Ossuary  | Entered an ossuary
  3094 | Ossuary  | Reached skill level 7 in Ranged Weapons
  3185 | Ossuary  | Reached XP level 7. HP: 22/60 MP: 6/6
  3197 | Ossuary  | Reached skill level 5 in Fighting
  3860 | D:4      | Reached skill level 5 in Dodging
  3872 | D:4      | Reached skill level 8 in Ranged Weapons
  4036 | D:4      | Found a burning altar of Makhleb.
  4498 | D:5      | Entered Level 5 of the Dungeon
  4514 | D:5      | Found a glowing golden altar of the Shining One.
  4579 | D:5      | Noticed Grinder
  4591 | D:5      | Killed Grinder
  4592 | D:5      | Reached XP level 8. HP: 70/70 MP: 7/7
  4845 | D:5      | Found a staircase to the Ecumenical Temple.
  4855 | Temple   | Entered the Ecumenical Temple
  4905 | Temple   | Became a worshipper of Warmaster Okawaru
  5053 | D:5      | Reached skill level 9 in Ranged Weapons
  6359 | D:7      | Reached * piety under Okawaru
  6629 | D:7      | Noticed Joseph
  6641 | D:7      | Killed Joseph
  6642 | D:7      | Reached skill level 10 in Ranged Weapons
  6642 | D:7      | Reached XP level 9. HP: 34/79 MP: 8/8
  6876 | D:7      | Found a sacrificial altar of Ru.
  6902 | D:7      | Found a blossoming altar of Fedhas.
  6902 | D:7      | Found a hide-covered altar of Uskayaw.
  7016 | D:7      | Got the Secrets of Shaping
  7397 | D:7      | Found a sparkling altar of Nemelex Xobeh.
  7788 | D:8      | Reached ** piety under Okawaru
  7853 | D:8      | Reached skill level 11 in Ranged Weapons
  8460 | D:8      | Found a radiant altar of Vehumet.
  8620 | D:8      | Noticed Pikel
  8627 | D:8      | Noticed a two-headed ogre
  8643 | D:8      | Killed Pikel
  8936 | D:8      | Killed a two-headed ogre
  8936 | D:8      | Reached *** piety under Okawaru
  8937 | D:8      | Reached skill level 12 in Ranged Weapons
  8937 | D:8      | Reached XP level 10. HP: 23/91 MP: 9/9
  9543 | D:7      | Received a gift from Okawaru
 10536 | D:9      | Found a transporter.
 10547 | D:9      | Found a transporter.
 10550 | D:9      | Noticed cowcol's ghost (journeyman MiMo)
 10551 | D:9      | Noticed a moth of wrath
 10581 | D:9      | Reached **** piety under Okawaru
 10618 | D:9      | Reached skill level 13 in Ranged Weapons
 10640 | D:9      | Noticed a two-headed ogre
 10660 | D:9      | Killed a two-headed ogre
 10661 | D:9      | Reached skill level 10 in Fighting
 11431 | D:9      | Noticed an obsidian statue
 11459 | D:9      | Noticed an orange demon
 11468 | D:9      | Noticed a sun demon
 11468 | D:9      | Noticed a rust devil
 11479 | D:9      | HP: 3/94 [hellwing[an obsidian statue] (3)]
 11479 | D:9      | Slain by an iron imp

Illustrated notes

Levels and vault maps discovered:
D:1:      dpeg_arrival_rhombus, layout_rooms, reono_crystal_passage
D:2:      kb_forest_paths, layout_basic
D:3:      layout_loops_ring, gammafunk_ghost_cemetery, grunt_decor_fettered
D:4:      layout_loops_ring, makhleb_heckhound_becter,
          mainiacjoe_overflow_boulevard, nicolae_ossuary_entry_monument,
          kennysheep_generic_room_14
D:5:      layout_loops_ring, nicolae_tso_besieged_by_evil,
          minmay_temple_entry_antechambers, nicolae_kite_square_tiling_tiny,
          uniq_grinder
D:6:      layout_loops_ring, amcnicky_mini_rare_corridor_liquid
D:7:      layout_loops_ring, nicolae_overflow_quartered_altars,
          dk_noncrumbling_4, uniq_joseph
D:8:      layout_gridville, mainiacjoe_overflow_paths, uniq_pikel
D:9:      layout_roguey, gammafunk_ghost_berserking_beasts, minivault_16,
          minmay_circle_x
Temple:   cyrus_circular_temple

Skill      XL: |  1  2  3  4  5  6  7  8  9 10 |
---------------+-------------------------------+-----
Ranged Weapons | 5 6 7 8 10 12 13 | 13.5
Fighting       | 3 4 6 7 9 10 | 10.3
Dodging        | 3 4 5 6 8 9 |  9.5
Stealth        | |  0.7

Action                   |  1- 3 |  4- 6 |  7- 9 | 10-12 || total
-------------------------+-------+-------+-------+-------++-------
Melee: Shortbow          |       |       |     1 |       ||     1
       Unarmed           |       |       |       |    18 ||    18
 Fire: Shortbow          |    83 |   214 |   445 |   227 ||   969
Invok: Heroism           |       |       |       |     1 ||     1
  Use: Scroll            |       |     9 |     7 |     7 ||    23
       Potion            |       |       |     8 |     7 ||    15
Armor: Leather armour    |     5 |    32 |    25 |       ||    62
       Steam dragon scal |       |       |     8 |    19 ||    27
       Skin              |       |       |       |    25 ||    25
Dodge: Dodged            |    32 |    86 |   167 |   142 ||   427
